 Dungeon Crawl Stone Soup version 0.29.1-12-g30fa7ad0bf (webtiles) character file.

Game seed: 2716816126664114465

484 MacCMillion the Slasher (level 7, -14/55 HPs)
             Began as a Merfolk Gladiator on Jan 17, 2023.
             Demolished by a mummy (17 damage)
             ... on level 4 of the Dungeon.
             The game lasted 00:09:39 (5931 turns).

MacCMillion the Slasher (Merfolk Gladiator)         Turns: 5931, Time: 00:09:39

Health: -14/55     AC:  4    Str: 15    XL:     7   Next: 12%
Magic:  7/7        EV: 13    Int:  7    God:
Gold:   256        SH:  0    Dex: 17    Spells: 6/6 levels left

rFire   . . .      SeeInvis .   a - +0 long sword
rCold   . . .      Faith    .   (no shield)
rNeg    . . .      Spirit   .   b - +0 leather armour
rPois   .          Reflect  .   c - +0 helmet
rElec   .          Harm     .   (no cloak)
rCorr   .          Rampage  .   (no gloves)
Will    .....                   (no boots)
Stlth   ++........              i - amulet of the acrobat
HPRegen 0.18/turn               (no ring)
MPRegen 0.10/turn               (no ring)

@: no status effects
A: (nimble swimmer 2), mertail
a: no special abilities


You were on level 4 of the Dungeon.
You visited 1 branch of the dungeon, and saw 4 of its levels.

You collected 256 gold pieces.

Inventory:

Hand Weapons
 a - a +0 long sword (weapon)
Missiles
 d - 4 throwing nets (quivered)
 e - 7 javelins
 v - 4 curare-tipped darts
Armour
 b - a +0 leather armour (worn)
 c - a +0 helmet (worn)
Jewellery
 i - an amulet of the acrobat (around neck)
 q - a ring of positive energy
Wands
 u - a wand of polymorph (9)
Scrolls
 f - a scroll of fog
 g - a scroll of teleportation {unknown}
 h - a scroll of silence {unknown}
 m - a scroll of blinking {unknown}
 n - a scroll of identify {unknown}
 o - 2 scrolls of vulnerability
 p - a scroll of noise {unknown}
Potions
 j - a potion of might {unknown}
 k - 3 potions of flight {unknown}
 l - a potion of haste {unknown}
 r - 4 potions of curing
 s - 2 potions of attraction {unknown}
 t - 5 potions of magic {unknown}


   Skills:
 + Level 4.5 Fighting
 * Level 7.4 Long Blades
 - Level 3.0 Throwing
 - Level 4.0 Dodging
 - Level 2.0 Stealth


You had 6 spell levels left.
You didn't know any spells.
Your spell library contained the following spells:

 Spells                   Type           Power      Damage    Failure   Level
 Ensorcelled Hibernation  Hex/Ice        0%         N/A       65%         2
 Passwall                 Tmut/Erth      0%         N/A       65%         2
 Static Discharge         Conj/Air       0%         3-3/arc   65%         2
 Swiftness                Air            0%         N/A       86%         3
 Dispel Undead            Necr           0%         3d6       99%         4
 Sticky Flame             Conj/Fire      0%         2d3       99%         4


Dungeon Overview and Level Annotations

Branches:
Dungeon (4/15)
 Temple: D:4-7

Altars:
Fedhas
Qazlal

Shops:
D:4 :


Innate Abilities, Weirdness & Mutations

((You are very nimble when in or above water. (Stealth+, EV+, Speed+++)))
Your lower body shifts to a powerful aquatic tail in water.


Message History

Aim: a necrophage (severely damaged, 63% to hit)
You throw a throwing net. The throwing net hits the necrophage.
The necrophage is caught in the net!
The necrophage is severely damaged.
The necrophage struggles against the net.
Unknown command.
You hit the necrophage.
The necrophage is almost destroyed.
The necrophage struggles against the net.
You slash the necrophage!
You destroy the necrophage!
You have reached level 7!
Things that are here:
a +0 short sword; an orc corpse You start resting.
The hiss of flowing sand is almost imperceptible now.
Found a short sword.
A ball python comes into view.
Found 11 gold pieces.
The walls and floor vibrate strangely for a moment.
The ball python hisses angrily.
The ball python completely misses you. x2
You slash the ball python!
You kill the ball python!
You see here a ball python corpse.
You open the door.
A mummy comes into view.
The mummy moves out of view.
There is an open door here.
The mummy completely misses you.
You are too injured to fight recklessly!
You barely miss the mummy. You slash the mummy!
The mummy is moderately damaged.
The mummy hits you!
* * * LOW HITPOINT WARNING * * *
You hit the mummy.
The mummy is heavily damaged.
The mummy hits you!
You die...

................#.#....
..................#...
..().............#...
.).)............#..#
...............#..###
....................###.
.......##.....†.........
......##...#####'#####.
.....##.....##..@..#
.........##..##M..##
.......## ....##.##
.......# ...#..###
......##...###).#
.....##.... ..$.
........... .###
..........# ## #.......


You could see a mummy.

Vanquished Creatures
  A kobold brigand (D:4)
  2 necrophages (D:4)
  An orc priest (D:4)
  Terence (D:2)
  Natasha (thrice) (D:2)
  3 adders
  4 gnolls (D:3)
  2 adder zombies (D:2)
  A worm (D:1)
  3 dart slugs
  6 orcs
  10 endoplasms
  A giant cockroach (D:1)
  5 goblins
  8 hobgoblins
  6 jackals (D:1)
  2 quokkas (D:1)
  6 ball pythons
  6 bats
  2 frilled lizards
  A jackal skeleton (D:2)
  A jackal zombie (D:2)
  10 kobolds
  3 rats
88 creatures vanquished.

Vanquished Creatures (others)
  3 fungi (D:2)
  8 plants (D:2)
11 creatures vanquished.

Grand Total: 99 creatures vanquished

Notes
Turn   | Place    | Note
-------+----------+-------------------------------------------
     0 | D:1      | MacCMillion the Merfolk Gladiator began the quest for the
                  | Orb.
     0 | D:1      | Reached XP level 1. HP: 16/16 MP: 1/1
   125 | D:1      | Reached XP level 2. HP: 23/23 MP: 2/2
   132 | D:1      | Reached skill level 4 in Long Blades
   683 | D:1      | Reached XP level 3. HP: 28/28 MP: 3/3
  1427 | D:2      | Noticed Terence
  1503 | D:2      | Found a blossoming altar of Fedhas.
  1969 | D:2      | Reached XP level 4. HP: 34/34 MP: 4/4
  2138 | D:2      | Noticed Natasha
  2146 | D:2      | Killed Natasha
  2147 | D:2      | Reached skill level 5 in Long Blades
  2929 | D:2      | Found a faded altar of an unknown god.
  3099 | D:3      | Reached skill level 1 in Stealth
  3241 | D:3      | Reached XP level 5. HP: 41/41 MP: 5/5
  3538 | D:2      | Killed Terence
  3853 | D:2      | Noticed Natasha
  3868 | D:2      | HP: 2/41 [Natasha (5)]
  3869 | D:2      | Killed Natasha
  4316 | D:2      | Noticed Natasha
  4331 | D:2      | Killed Natasha
  4706 | D:3      | Reached skill level 6 in Long Blades
  4706 | D:3      | Reached XP level 6. HP: 42/48 MP: 6/6
  5279 | D:4      | Found Ogodache's Book Shoppe.
  5582 | D:4      | Found a stormy altar of Qazlal.
  5888 | D:4      | Reached skill level 7 in Long Blades
  5907 | D:4      | Reached XP level 7. HP: 13/55 MP: 7/7
  5931 | D:4      | Demolished by a mummy

Illustrated notes

Levels and vault maps discovered:
D:1:      heliophobic_arrival_battle_scene, layout_loops_corners
D:2:      layout_loops_ring, serial_undead, serial_undead_d, serial_undead_d,
          serial_undead_a, serial_undead_c, basic_altar,
          shapermc_ecumenical_altar_mp_urbaneastern, minmay_circle_x,
          uniq_terence, uniq_natasha
D:3:      layout_loops_ring
D:4:      cheibrodos_thug_alley, layout_layer_cave, okawaru_altar_gauntlet_db,
          mainiacjoe_overflow_catwalk, minmay_temple_entry_enclosed_plants,
          gup_ossuary_entry_pyramid, serial_shops, nicolae_stop_n_shop_2,
          minmay_quadrilaterals

Skill      XL: |  1  2  3  4  5  6 |
---------------+-------------------+-----
Long Blades    | 4 5 6 7 |  7.4
Fighting       | 3 4 |  4.5
Stealth        | 1 2 |  2.0
Throwing       | 3 |  3.0
Dodging        | |  4.0

Action                   |  1- 3 |  4- 6 |  7- 9 || total
-------------------------+-------+-------+-------++-------
Melee: Long sword        |   111 |   171 |     4 ||   286
       Punch             |     1 |     1 |       ||     2
Throw: Throwing net      |       |     2 |       ||     2
  Use: Scroll            |       |     2 |       ||     2
 Stab: Sleeping          |     3 |     1 |       ||     4
       Distracted        |       |     1 |       ||     1
Armor: Leather armour    |    39 |    22 |       ||    61
Dodge: Dodged            |   115 |   129 |     3 ||   247
